 Seeded DCSS version 0.30.1-4-g462c640d31 (webtiles) character file.

Game seed: 5 (custom seed)

726 Kazon the Covered (level 7, -8/37 HPs)
             Began as a Vine Stalker Fighter on Sept 18, 2023.
             Was an Initiate of Makhleb.
             Mangled by an ogre
             ... wielding a +0 giant spiked club
              (13 damage)
             ... on level 5 of the Dungeon.
             The game lasted 00:14:12 (3130 turns).

Kazon the Covered (Vine Stalker Fighter)            Turns: 3130, Time: 00:14:13

Health: -8/37      AC:  9    Str: 18    XL:     7   Next: 72%
Magic:  0/18       EV:  9    Int: 13    God:    Makhleb [......]
Gold:   203        SH:  6    Dex: 22    Spells: 6/6 levels left

rFire   . . .        e - +2 dagger (vamp)
rCold   . . .        c - +0 buckler
rNeg    . . .        b - +0 scale mail
rPois   .            j - +0 helmet
rElec   .            (no cloak)
rCorr   .            (no gloves)
SInv    .            s - +0 pair of boots of Momanaich {Int+5 Stlth+}
Will    .....        (no amulet)
Stlth   ++           t - ring of magical power
HPRegen 1.06/turn    C - +6 ring of dexterity
MPRegen 0.16/turn

%: guardian spirit
@: no status effects
A: fangs 2, regeneration 1, magic shield, antimagic bite, no potion heal 2
a: Renounce Religion


You were on level 5 of the Dungeon.
You worshipped Makhleb.
Makhleb was noncommittal.
You visited 2 branches of the dungeon, and saw 6 of its levels.

You collected 203 gold pieces.

Inventory:

Hand Weapons
 a - a +0 long sword
 e - a +2 vampiric dagger (weapon)
 f - a +0 hand axe of flaming
Missiles
 l - 3 boomerangs
 u - 4 poisoned darts (quivered)
 y - 2 stones
Armour
 b - a +0 scale mail (worn)
 c - a +0 buckler (worn)
 i - a +0 tower shield
 j - a +0 helmet (worn)
 s - the +0 pair of boots of Momanaich (worn) {Int+5 Stlth+}
   (You acquired it on level 1 of the Dungeon)

   Int:       It affects your intelligence (+5).
   Stlth:     It makes you more stealthy.
Jewellery
 t - a ring of magical power (left hand)
 C - a +6 ring of dexterity (right hand)
Wands
 x - a wand of paralysis (8)
Scrolls
 g - a scroll of fog {unknown}
 n - a scroll of teleportation
 o - 2 scrolls of magic mapping {unknown}
 p - a scroll of summoning {unknown}
 q - 2 scrolls of identify {unknown}
 r - a scroll of blinking {unknown}
 A - a scroll of amnesia {unknown}
 D - a scroll of torment {unknown}
Potions
 d - a potion of might
 h - a potion of resistance {unknown}
 k - 3 potions of curing {unknown}
 m - a potion of magic {unknown}
 v - a potion of flight {unknown}
 w - a potion of berserk rage {unknown}
 z - 2 potions of invisibility {unknown}
 B - 2 potions of heal wounds {unknown}
 E - a potion of lignification {unknown}
 F - a potion of attraction {unknown}


   Skills:
 + Level 3.6 Fighting
 + Level 1.5(2.6) Short Blades
 + Level 3.1(3.4) Long Blades
 + Level 1.0 Axes
 * Level 2.1 Throwing
 + Level 3.7 Armour
 + Level 1.0 Dodging
 + Level 1.5 Stealth
 + Level 3.5 Shields
 * Level 2.4 Invocations
 * Level 2.0 Evocations


You had 6 spell levels left.
You didn't know any spells.
Your spell library contained the following spells:

 Spells                   Type           Power      Damage    Failure   Level
 Frozen Ramparts          Ice            0%         1d1       98%         3
 Ice Form                 Ice/Tmut       0%         N/A       100%        4
 Summon Ice Beast         Ice/Summ       0%         N/A       100%        4


Dungeon Overview and Level Annotations

Branches:
Dungeon (5/15)             Temple (1/1) D:4

Altars:
Dithmenos
Fedhas
Gozag
Hepliaklqana
Makhleb
Qazlal
Wu Jian
The Shining One


Innate Abilities, Weirdness & Mutations

You have extremely sharp teeth.
Your natural rate of healing is unusually fast.
When hurt, damage is shared between your health and your magic reserves.
Your bite disrupts and absorbs the magic of your enemies.
Potions cannot restore your health.


Message History

The gnoll hits you with a +0 spear. The gnoll hits you with a +0 flail.
You hit the gnoll.
You feel better.
You kill the gnoll!
Makhleb accepts your kill. The gnoll barely misses you.
Your Evocations skill increases to level 2!
You hit the gnoll.
You feel better.
You bite the gnoll. You drain its power.
You feel invigorated.
The gnoll is severely wounded.
The ogre hits you with a +0 giant spiked club!!
You block the gnoll's attack.
The gnoll shouts!
You closely miss the gnoll.
The gnoll is severely wounded.
The gnoll barely misses you.
You hit the gnoll.
You feel better.
The gnoll is almost dead.
The ogre closely misses you. The gnoll barely misses you.
You hit the gnoll.
You feel better.
You kill the gnoll!
Makhleb accepts your kill.
You hit the ogre. Your bite misses the ogre.
The ogre is lightly wounded.
The ogre hits you with a +0 giant spiked club.
You hit the ogre.
The ogre is moderately wounded.
You block the ogre's attack.
You hit the ogre but do no damage.
The ogre is moderately wounded.
You hit the ogre. You bite the ogre, but do no damage.
The ogre is heavily wounded.
The gnoll hits you but does no damage.
The ogre hits you with a +0 giant spiked club!!
* * * LOW HITPOINT WARNING * * *
You hit the ogre.
The ogre is severely wounded.
The gnoll hits you with a +0 whip.
* * * LOW HITPOINT WARNING * * *
The ogre hits you with a +0 giant spiked club!
You die...

#......g..
#........
#....O..
#......
#.....#
#.....#
#.....#
#.....######
##+##.O@...#
#.g....#
#......#
#......#
#......#
#......#
#......#
#......#
#######......#


You could see an ogre and a gnoll.

Vanquished Creatures
  Sigmund (D:4)
  2 black bears (D:4)
  A scorpion (D:4)
  A hound (D:4)
  A jelly (D:5)
  3 iguanas
  3 gnolls (D:5)
  7 adders
  An ufetubus (D:4)
  3 worms
  6 orcs
  4 bats
  9 endoplasms
  A giant cockroach (D:1)
  12 goblins
  7 hobgoblins
  11 jackals
  3 kobolds
  3 quokkas (D:4)
  6 ball pythons
  3 frilled lizards
  4 rats
92 creatures vanquished.

Notes
Turn   | Place    | Note
-------+----------+-------------------------------------------
     0 | D:1      | Kazon the Vine Stalker Fighter began the quest for the Orb.
     0 | D:1      | Reached XP level 1. HP: 11/11 MP: 2/2
    42 | D:1      | Identified a scroll of acquirement
    42 | D:1      | Acquired the +0 pair of boots of Momanaich {Int+5 Stlth+}
    62 | D:1      | Reached XP level 2. HP: 14/16 MP: 3/3
   304 | D:1      | Reached XP level 3. HP: 19/19 MP: 4/4
  1074 | D:2      | Gained mutation: Your natural rate of healing is unusually
                  | fast. [Vine Stalker growth]
  1074 | D:2      | Reached XP level 4. HP: 16/24 MP: 3/5
  1642 | D:3      | Found a blossoming altar of Fedhas.
  1670 | D:3      | Reached XP level 5. HP: 28/28 MP: 6/6
  1797 | D:3      | Found a stormy altar of Qazlal.
  1942 | D:3      | Found a faded altar of an unknown god.
  2046 | D:3      | Identified the +2 sling "Qeuhanocyt" {speed, rElec Str-3
                  | Dex+2}
  2087 | D:4      | Found a staircase to the Ecumenical Temple.
  2095 | Temple   | Entered the Ecumenical Temple
  2111 | Temple   | Became a worshipper of Makhleb the Destroyer
  2163 | D:4      | Noticed a black bear
  2189 | D:4      | Found a hazy altar of Hepliaklqana.
  2217 | D:4      | Found a shadowy altar of Dithmenos.
  2218 | D:4      | Noticed a shadow
  2378 | D:4      | Reached skill level 1 in Throwing
  2419 | D:4      | Noticed Sigmund
  2428 | D:4      | Killed Sigmund
  2429 | D:4      | Reached skill level 1 in Stealth
  2429 | D:4      | Reached skill level 1 in Invocations
  2429 | D:4      | Reached skill level 1 in Evocations
  2429 | D:4      | Reached XP level 6. HP: 32/32 MP: 8/8
  2615 | D:4      | Killed a black bear
  2616 | D:4      | Reached skill level 1 in Short Blades
  2616 | D:4      | Reached XP level 7. HP: 20/36 MP: 8/9
  2768 | D:4      | Reached skill level 1 in Axes
  2945 | D:5      | Entered Level 5 of the Dungeon
  2976 | D:4      | Reached skill level 1 in Dodging
  3130 | D:5      | Mangled by an ogre

Illustrated notes

Levels and vault maps discovered:
D:1:      ebering_trefoil_3fold, layout_basic, st_stairs_14, serial_bayou_ford_a
D:2:      layout_basic, hangedman_decor_growths, minmay_close_crescents
D:3:      layout_rooms, mainiacjoe_overflow_concentric_impassable,
          mainiacjoe_overflow_paths, shapermc_ecumenical_altar_acropolis,
          chequers_serial_rivers_micro_b
D:4:      layout_basic, riverfiend_overflow_shadow_ancestor,
          minmay_temple_entry_glass, uniq_sigmund
D:5:      layout_gridville
Temple:   nicolae_temple_elliptical

Skill      XL: |  1  2  3  4  5  6  7 |
---------------+----------------------+-----
Long Blades    | 2 3 |  3.1
Fighting       | 3 |  3.6
Shields        | 3 |  3.5
Armour         | 3 |  3.7
Throwing       | 1 2 |  2.1
Stealth        | 1 |  1.5
Invocations    | 1 2 |  2.4
Evocations     | 1 2 |  2.0
Short Blades   | 1 |  1.5
Axes           | 1 |  1.0
Dodging        | 1 |  1.0

Action                     |  1- 3 |  4- 6 |  7- 9 || total
---------------------------+-------+-------+-------++-------
  Melee: Long sword        |   106 |    52 |       ||   158
         Bite              |    27 |    45 |    26 ||    98
         Dagger            |       |    92 |    79 ||   171
         War axe           |       |    14 |       ||    14
  Throw: Stone             |     1 |    14 |     5 ||    20
         Dart              |       |     4 |     1 ||     5
    Use: Scroll            |     2 |     1 |       ||     3
   Stab: Sleeping          |     1 |     1 |     1 ||     3
 Armour: Scale mail        |    51 |    56 |    41 ||   148
  Dodge: Dodged            |    46 |    53 |    30 ||   129
  Block: Buckler           |    19 |    28 |    26 ||    73
